 Seeded DCSS version 0.28-a0-1286-g6bde065e89 (webtiles) character file.

Game seed: 5027248240086112147 (custom seed)

21 wilfster70 the Caller (level 2, -1/11 HPs)
             Began as a Felid Summoner on Dec 26, 2021.
             Slain by an adder (3 damage)
             ... on level 2 of the Dungeon.
             The game lasted 00:04:09 (1317 turns).

wilfster70 the Caller (Felid Summoner)              Turns: 1317, Time: 00:04:09

Health: -1/11      AC:  1    Str:  4    XL:     2   Next: 62%
Magic:  5/6        EV: 17    Int: 16    God:
Gold:   13         SH:  0    Dex: 16    Spells: 3/6 levels left
                                        Lives:  0   Deaths: 0

rFire   . . .      SeeInvis +   (weapon unavailable)
rCold   . . .      Faith    .   (shield unavailable)
rNeg    . . .      Spirit   .   (armour unavailable)
rPois   .          Reflect  .   (helmet unavailable)
rElec   .          Harm     .   (cloak unavailable)
rCorr   .          Rampage  .   (gloves unavailable)
Will    .....                   (boots unavailable)
Stlth   ++........              a - amulet of magic regeneration
HPRegen 0.03/turn               (no ring)
MPRegen 0.50/turn               (no ring)

@: quick
A: very small, claws 1, fangs 3, see invisible, speed 1, shaggy fur 1, stealthy
paws, no weapons or thrown items, no armour, multi-lived
a: no special abilities


You were on level 2 of the Dungeon.
You visited 1 branch of the dungeon, and saw 2 of its levels.

You collected 13 gold pieces.

Inventory:

Jewellery
 a - an amulet of magic regeneration (around neck)
Potions
 b - 2 potions of haste {unknown}


   Skills:
 - Level 2.6 Dodging
 - Level 2.6 Stealth
 + Level 2.6 Spellcasting
 + Level 4.4 Summonings


You had 3 spell levels left.
You knew the following spells:

 Your Spells              Type           Power      Damage    Failure   Level
a - Summon Small Mammal   Summ           64%        N/A       3%          1
b - Call Imp              Summ           16%        N/A       4%          2

Your spell library contained the following spells:

 Spells                   Type           Power      Damage    Failure   Level
 Call Canine Familiar     Summ           16%        N/A       10%         3
 Freeze                   Ice            8%         1d3       21%         1
 Summon Guardian Golem    Hex/Summ       9%         N/A       24%         3
 Frozen Ramparts          Ice            4%         1d2       52%         3
 Summon Lightning Spire   Summ/Air       9%         N/A       61%         4
 Hailstorm                Conj/Ice       2%         3d3       89%         4


Dungeon Overview and Level Annotations

Branches:
Dungeon (2/15)

Altars:


Innate Abilities, Weirdness & Mutations

You have sharp claws.
You have razor-sharp teeth.
You have supernaturally acute eyesight. (SInv)
You cover ground quickly. (Speed+)
You are covered in fur. (AC +1)
Your paws help you pounce on unaware monsters.
You are incapable of wielding weapons or throwing items.
You cannot wear armour.
You gain extra lives every three experience levels.


Message History

A goblin comes into view. It is wielding a +0 dagger.
Casting: Call Imp (safe; 4% risk of failure)
Confirm with . or Enter, or press ? or * to list all spells.
A beastly little devil appears in a puff of flame.
Casting: Call Imp (safe; 4% risk of failure)
Confirm with . or Enter, or press ? or * to list all spells.
A beastly little devil appears in a puff of flame.
Your crimson imp disappears in a puff of smoke!
The adder closely misses you.
Your crimson imp completely misses the adder.
Your crimson imp blinks!
The adder closely misses you. The adder bites you.
Casting: Call Imp (safe; 4% risk of failure)
Confirm with . or Enter, or press ? or * to list all spells.
A beastly little devil appears in a puff of flame.
The adder closely misses you. x2
The goblin closely misses you. The adder bites you.
* * * LOW HITPOINT WARNING * * *
You scratch the goblin.
You kill the goblin!
The adder misses you.
You see here a +0 dagger.
The adder barely misses you.
Your crimson imp closely misses the adder.
The adder closely misses you.
Your crimson imp hits the adder.
Your crimson imp hits the adder.
You see here 26 stones.
Your crimson imp blinks!
The adder bites you.
* * * LOW HITPOINT WARNING * * *
Casting: Call Imp (safe; 4% risk of failure)
Confirm with . or Enter, or press ? or * to list all spells.
A beastly little devil appears in a puff of flame.
Your crimson imp disappears in a puff of smoke!
The adder misses you. The adder barely misses you.
Your crimson imp hits the adder.
You swap places.
The adder bites you.
You die...

. . #.# .#. #.# ...
#.# #.# #.#
#.#######.####.
####.#............
##.##.#.###...####.
#.5S..ยง..)..#######
##@##..(......<....
#.#..........#####
#....####.(#.#
....#..# #..#.#
.#.##..# #..#.# ...
#..# #....# ..# #..#
.###.# ## #..# .#
##.


You could see an adder (ally target) and a friendly crimson imp (summoned).

Vanquished Creatures
  A goblin (D:2)
  A hobgoblin (D:2)
  A ball python (D:1)
3 creatures vanquished.

Vanquished Creatures (collateral kills)
  A dart slug (D:1)
  4 ball pythons (D:1)
  2 bats (D:1)
  2 goblins (D:1)
  A hobgoblin (D:1)
  3 frilled lizards (D:1)
  A kobold (D:1)
14 creatures vanquished.

Grand Total: 17 creatures vanquished

Notes
Turn   | Place    | Note
-------+----------+-------------------------------------------
     0 | D:1      | wilfster70 the Felid Summoner began the quest for the Orb.
     0 | D:1      | Reached XP level 1. HP: 7/7 MP: 4/4
   215 | D:1      | Reached XP level 2. HP: 8/11 MP: 6/6
   218 | D:1      | Learned a level 2 spell: Call Imp
  1317 | D:2      | Slain by an adder

Illustrated notes

Levels and vault maps discovered:
D:1:      dpeg_arrival_tiny_d, layout_rooms,
          hangedman_abyss_or_decor_lesser_grid, minmay_shallow_snake_nest
D:2:      layout_loops_ring, chequers_ecumenical_altar_grove,
          chequers_serial_rivers_small_b

Action                   || total
-------------------------++-------
Melee: Unarmed           ||     7
       Bite              ||     1
 Cast: Summon Small Mamm ||    17
       Call Imp          ||    11
  Use: Scroll            ||     2
Armor: Skin              ||     7
Dodge: Dodged            ||    56

Table legend: (Time is in decaauts)
 A = Elapsed time spent in this place.
 B = Non-inter-level travel time spent in this place.
 C = Inter-level travel time spent in this place.
 D = Time resting spent in this place.
 E = Time spent auto-exploring this place.
 F = Levels seen in this place.
 G = Mean time per level.
                   A        B        C        D        E       F      G
               +--------+--------+--------+--------+--------+-----+--------+
         Total |   1189 |   1148 |     41 |    500 |    288 |   2 |  594.5 |
       Dungeon |   1189 |   1148 |     41 |    500 |    288 |   2 |  594.5 |
               +--------+--------+--------+--------+--------+-----+--------+

Top non-repeatable levels by time:
     D:1: 1134 daAuts
     D:2: 55 daAuts
